 Dungeon Crawl Stone Soup version 0.28.0-43-g3370ac3207 (webtiles) character file.

Game seed: 9391191390228356430

3973 theElss the Fighter (level 10, -4/97 HPs)
             Began as a Gargoyle Berserker on Mar 7, 2022.
             Was a Priest of Trog.
             Slain by an orc knight
             ... wielding a +0 halberd
              (24 damage)
             ... in a bailey.
             The game lasted 00:22:09 (8986 turns).

theElss the Fighter (Gargoyle Berserker)            Turns: 8986, Time: 00:22:10

Health: -4/97      AC: 20    Str: 23    XL:     10   Next: 22%
Magic:  10/10      EV: 10    Int:  8    God:    Trog [***...]
Gold:   336        SH:  0    Dex: 11    Spells: 9/9 levels left

rFire   . . .      SeeInvis .   a - +0 mace
rCold   . . .      Faith    +   (no shield)
rNeg    + . .      Spirit   .   A - +0 chain mail
rPois   ∞          Reflect  .   (no helmet)
rElec   +          Harm     +   x - scarf {harm}
rCorr   .          Rampage  .   l - +1 pair of gloves
Will    .....                   (no boots)
Stlth   ..........              v - amulet of faith
HPRegen 0.26/turn               (no ring)
MPRegen 0.12/turn               (no ring)

@: berserking, very quick
A: sickness immunity, AC +7, negative energy resistance 1, electricity
resistance, torment resistance 1, petrification resistance
a: Renounce Religion, Berserk, Trog's Hand


You were in a bailey.
You worshipped Trog.
Trog was most pleased with you.
You visited 1 branch of the dungeon, and saw 8 of its levels.
You also visited: Bailey.

You collected 336 gold pieces.

Inventory:

Hand Weapons
 a - a +0 mace (weapon)
Armour
 l - a +1 pair of gloves (worn)
 o - a +0 scale mail
 x - a scarf of harm (worn)
 A - a +0 chain mail (worn)
Jewellery
 d - an amulet of the acrobat
 t - a +6 ring of intelligence
 v - an amulet of faith (around neck)
 y - a +4 ring of slaying
Wands
 j - a wand of flame (123)
 r - a wand of iceblast (5)
 s - a wand of paralysis (21)
Scrolls
 b - a scroll of amnesia {unknown}
 c - a scroll of enchant weapon
 f - 4 scrolls of enchant armour
 g - 2 scrolls of fear
 h - 2 scrolls of teleportation
 i - a scroll of fog
 p - a scroll of summoning {unknown}
 w - 2 scrolls of blinking {unknown}
 D - a scroll of vulnerability {unknown}
 E - a scroll of magic mapping {unknown}
Potions
 e - a potion of flight
 k - 2 potions of magic
 m - 4 potions of resistance
 n - 2 potions of lignification
 q - a potion of brilliance {unknown}
 u - 2 potions of attraction {unknown}
 z - 2 potions of curing {unknown}
 B - a potion of heal wounds
 C - 2 potions of might {unknown}
 F - 3 potions of haste
 G - a potion of experience {unknown}
 H - a potion of invisibility {unknown}


   Skills:
 + Level 8.6 Fighting
 + Level 7.8 Maces & Flails
 + Level 8.2 Armour
 + Level 6.2 Dodging


You had 9 spell levels left.
You didn't know any spells.
Your spell library was empty.

Dungeon Overview and Level Annotations

Branches:
Dungeon (8/15)             Temple (0/1) D:7          Bailey (1/1)
   Lair: D:8-11

Altars:
Kikubaaqudgha
Qazlal
Sif Muna

Annotations:
D:4 3 runed translucent doors, TheBloodborn's ghost, amateur BaFi
D:6 1 runed translucent door, diceflayer's ghost, novice NaGl


Innate Abilities, Weirdness & Mutations

You are immune to sickness and miasma.
Your stone body is resilient. (AC +7)
You are immune to poison.
You resist negative energy. (rN+)
You are resistant to electric shocks. (rElec)
You are resistant to unholy torment.
You are immune to petrification.


Message History

You feel a strong urge to attack something.
You are no longer berserk.
You are exhausted.
You feel yourself slow down.
You start resting.
You feel yourself speed up.
You start resting.
You recover from your berserk rage.
You start resting.
HP restored.
There is a broken door here.
f - 4 scrolls of enchant armour (gained 1)
Things that are here:
a +0 halberd; a +0 ring mail; an orc corpse You see here a +0 war axe.
There is an open door here.
Things that are here:
a +0 trident; a +0 trident
There is an open gate here.
There is a broken gate here.
An orc knight and an orc warrior come into view.
The orc knight shouts!
The orc warrior shouts!
The orc shouts!
You hear a shout!
The orc knight roars a battlecry!
The orcs go into a battle-frenzy!
There is a broken gate here.
The orc warrior hits you but does no damage.
The orc knight hits you from afar with a +0 halberd!!
The orc warrior hits you with a +0 halberd!
The orc hits you but does no damage.
A red film seems to cover your vision as you go berserk!
You feel yourself moving faster!
You feel mighty!
An orc warrior comes into view. It is wielding a +0 halberd.
The orc knight hits you but does no damage.
The orc warrior hits you with a +0 halberd!
* * * LOW HITPOINT WARNING * * *
The orc closely misses you.
You closely miss the orc warrior.
The orc knight hits you from afar with a +0 halberd!!
You die...

#### ####### #######
....###.....#########.....## #
.....'.......#.....#.......######
.....'....#..'.....'...##.)#)...#
.....'....o..'.....'....8.)')..)'
.....'....#..'oo...'...##..#)...#
.....'.......#o.@..#.......######
....###.....#########.....## #
### ####### #######


You could see an orc knight, 2 orc warriors and an orc (strong).

Vanquished Creatures
  Joseph (D:8)
  2 steam dragons
  2 water moccasins
  A black bear (D:5)
  8 orc warriors
  An ice beast (D:5)
  A necrophage (D:5)
  A sky beast (D:7)
  2 centaurs
  2 ogres
  A phantom (D:5)
  Blork the orc (D:4)
  2 scorpions
  A bullfrog (D:7)
  A wyvern zombie (D:6)
  A water moccasin skeleton (D:7)
  A wyvern skeleton (D:6)
  4 killer bees (D:7)
  5 wights (D:6)
  A bullfrog zombie (D:7)
  A centaur zombie (D:7)
  2 hounds (D:5)
  3 jellies
  7 orc priests
  A bullfrog skeleton (D:6)
  2 iguanas (D:5)
  Natasha (thrice) (D:2)
  2 orc wizards
  Robin (D:2)
  4 adders
  An ufetubus (D:6)
  3 worms
  3 dart slugs
  53 orcs
  3 endoplasms
  3 giant cockroaches
  18 goblins
  5 hobgoblins
  4 jackals
  5 kobolds
  3 quokkas
  12 ball pythons
  4 bats
  A frilled lizard (D:1)
  3 rats (D:1)
186 creatures vanquished.

Notes
Turn   | Place    | Note
-------+----------+-------------------------------------------
     0 | D:1      | theElss the Gargoyle Berserker began the quest for the Orb.
     0 | D:1      | Reached XP level 1. HP: 14/14 MP: 1/1
   243 | D:1      | Reached XP level 2. HP: 17/19 MP: 2/2
   903 | D:2      | Reached XP level 3. HP: 23/23 MP: 3/3
   992 | D:2      | Noticed Natasha
  1001 | D:2      | Killed Natasha
  1058 | D:2      | Reached XP level 4. HP: 27/29 MP: 4/4
  1361 | D:2      | Reached ** piety under Trog
  1441 | D:2      | Noticed Robin
  1453 | D:2      | Killed Robin
  1620 | D:2      | Noticed Natasha
  1629 | D:2      | Killed Natasha
  1694 | D:2      | Noticed Natasha
  1708 | D:2      | Killed Natasha
  1709 | D:2      | Reached XP level 5. HP: 15/33 MP: 5/5
  1962 | D:3      | Found a faded altar of an unknown god.
  2530 | D:3      | Reached XP level 6. HP: 34/39 MP: 6/6
  2852 | D:4      | Reached skill level 5 in Fighting
  3094 | D:4      | Found a stormy altar of Qazlal.
  3140 | D:4      | Reached *** piety under Trog
  3263 | D:4      | Found a runed translucent gate.
  3263 | D:4      | Found a runed translucent gate.
  3263 | D:4      | Found a runed translucent gate.
  3435 | D:4      | Reached XP level 7. HP: 44/44 MP: 7/7
  3485 | D:4      | Noticed Blork the orc
  3489 | D:4      | Killed Blork the orc
  3532 | D:4      | Found a shimmering blue altar of Sif Muna.
  3675 | D:4      | Noticed TheBloodborn's ghost (amateur BaFi)
  3707 | D:5      | Entered Level 5 of the Dungeon
  3864 | D:5      | Found an ancient bone altar of Kikubaaqudgha.
  4007 | D:5      | Reached skill level 5 in Maces & Flails
  4104 | D:5      | Reached skill level 5 in Armour
  4138 | D:5      | Reached XP level 8. HP: 40/51 MP: 8/8
  4946 | D:6      | Found a runed translucent door.
  5473 | D:6      | Reached XP level 9. HP: 44/57 MP: 9/9
  5771 | D:6      | Reached skill level 5 in Dodging
  6644 | D:6      | Noticed diceflayer's ghost (novice NaGl)
  7221 | D:7      | Found a staircase to the Ecumenical Temple.
  7607 | D:8      | Noticed Joseph
  7625 | D:8      | Killed Joseph
  7760 | D:8      | Reached XP level 10. HP: 64/64 MP: 10/10
  7841 | D:8      | Found a flagged portal.
  7868 | Bailey   | Entered a bailey
  8131 | Bailey   | Reached **** piety under Trog
  8969 | Bailey   | Noticed an orc knight
  8986 | Bailey   | Slain by an orc knight

Illustrated notes

Levels and vault maps discovered:
D:1:      lemuel_arrival_lava_pool, layout_basic
D:2:      layout_basic, uniq_robin, uniq_natasha
D:3:      layout_loops_cross, basic_ecumenical_altar
D:4:      layout_loops_ring, lemuel_blue_sif_altar, grunt_qazlal_sundering,
          gammafunk_ghost_necromancy, uniq_blork_the_orc
D:5:      layout_loops_ring, kiku_gazebo_garden_becter, kennysheep_potato
D:6:      layout_rooms, gammafunk_ghost_grave
D:7:      layout_basic, minmay_temple_entry_glassed_door
D:8:      layout_cave_pools, enter_bailey_3, uniq_joseph
Bailey:   bailey_polearm_5, bailey

Skill      XL: |  1  2  3  4  5  6  7  8  9 10 |
---------------+-------------------------------+-----
Dodging        | 2 3 4 5 6 |  6.2
Armour         | 3 4 5 6 7 8 |  8.2
Fighting       | 4 5 7 8 |  8.6
Maces & Flails | 4 5 6 7 |  7.8

Action                   |  1- 3 |  4- 6 |  7- 9 | 10-12 || total
-------------------------+-------+-------+-------+-------++-------
Melee: Mace              |    91 |   199 |   336 |   118 ||   744
       Punch             |     2 |     4 |     4 |     1 ||    11
Invok: Berserk           |     1 |     5 |    18 |    10 ||    34
       Trog's Hand       |       |       |     1 |     1 ||     2
Evoke: Wand              |       |       |       |     2 ||     2
  Use: Scroll            |       |       |     6 |     3 ||     9
       Potion            |       |       |     1 |       ||     1
Armor: Ring mail         |    44 |    37 |       |       ||    81
       Animal skin       |     2 |       |       |       ||     2
       Scale mail        |       |    86 |   133 |       ||   219
       Chain mail        |       |       |    42 |   100 ||   142
Dodge: Dodged            |    53 |   105 |   182 |   101 ||   441
